 Dungeon Crawl Stone Soup version 0.31-a0-631-g285b096dc4 (webtiles) character file.

Game seed: 861718881448881455

109 Dittersdorf the Shield-Bearer (level 4, 0/29 HPs)
             Began as a Gargoyle Fighter on Aug 25, 2023.
             Killed by divine providence
             ... invoked by an orc priest
              (16 damage)
             ... on level 3 of the Dungeon.
             The game lasted 00:02:06 (2086 turns).

Dittersdorf the Shield-Bearer (Gargoyle Fighter)    Turns: 2086, Time: 00:02:07

Health: 0/29       AC: 11    Str: 22    XL:     4   Next: 90%
Magic:  4/4        EV:  9    Int:  8    God:
Gold:   176        SH:  4    Dex:  9    Spells: 3/3 levels left

rFire   . . .        a - +0 flail
rCold   + . .        c - +0 buckler
rNeg    + . .        b - +0 scale mail
rPois   ∞            (no helmet)
rElec   +            i - +0 cloak
rCorr   .            (no gloves)
SInv    .            (no boots)
Will    .....        (no amulet) Stlth
                     j - ring of protection from cold
HPRegen 0.24/turn    l - +4 ring of slaying
MPRegen 0.09/turn

%: no passive effects
@: no status effects
A: sickness immunity, AC +3, negative energy resistance 1, electricity
resistance, torment resistance 1, petrification resistance
a: no special abilities


You were on level 3 of the Dungeon.
You visited 1 branch of the dungeon, and saw 3 of its levels.

You collected 176 gold pieces.

Inventory:

Hand Weapons
 a - a +0 flail (weapon)
Missiles
 p - 6 poisoned darts
Armour
 b - a +0 scale mail (worn)
 c - a +0 buckler (worn)
 i - a +0 cloak (worn)
Jewellery
 j - a ring of protection from cold (left hand)
 l - a +4 ring of slaying (right hand)
Scrolls
 h - a scroll of identify {unknown}
 k - a scroll of noise {unknown}
 m - a scroll of silence {unknown}
Potions
 d - 2 potions of might
 e - 4 potions of curing {unknown}
 f - a potion of haste {unknown}
 g - a potion of lignification {unknown}
 o - a potion of mutation {unknown}


   Skills:
 + Level 4.1 Fighting
 + Level 2.8 Maces & Flails
 + Level 4.0 Armour
 + Level 4.2 Shields


You had 3 spell levels left.
You didn't know any spells.
Your spell library contained the following spells:

 Spells                   Type           Power      Damage    Failure   Level
 Summon Small Mammal      Summ           0%         N/A       80%         1
 Call Canine Familiar     Summ           0%         N/A       99%         3
 Summon Guardian Golem    Hex/Summ       0%         N/A       99%         3


Dungeon Overview and Level Annotations

Branches:
Dungeon (3/15)

Altars:


Innate Abilities, Weirdness & Mutations

You are immune to sickness and miasma.
Your stone body is resilient. (AC +3)
You are immune to poison.
You resist negative energy. (rN+)
You are resistant to electric shocks. (rElec)
You are resistant to unholy torment.
You are immune to petrification.


Message History

The orc priest mumbles some strange prayers to Beogh against you.
Beogh smites you! The orc barely misses you.
You are too injured to fight recklessly!
You are too injured to fight recklessly!
You are too injured to fight recklessly!
You are too injured to fight recklessly!
You are too injured to fight recklessly!
You are too injured to fight recklessly!
You are too injured to fight recklessly!
You are too injured to fight recklessly!
You are too injured to fight recklessly!
You are too injured to fight recklessly!
You are too injured to fight recklessly!
You are too injured to fight recklessly!
You are too injured to fight recklessly!
You are too injured to fight recklessly!
You are too injured to fight recklessly!
You are too injured to fight recklessly!
You are too injured to fight recklessly!
You are too injured to fight recklessly!
You are too injured to fight recklessly!
You are too injured to fight recklessly!
You are too injured to fight recklessly!
An orc wizard comes into view. It is wielding a +0 dagger.
The orc barely misses you.
Things that are here:
a +0 whip; a kobold corpse An orc priest comes into view.
It is wielding a +0 club.
The orc priest shouts!
The orc wizard gestures wildly while chanting.
The orc wizard flickers and vanishes!
Deactivating autopickup; reactivate with Ctrl-A.
The orc attacks as it pursues you! You block the orc's attack.
The orc priest attacks as it pursues you!
The orc priest hits you from afar with a +0 trident.
The orc attacks as it pursues you! The orc hits you but does no damage.
The orc priest calls down the wrath of Beogh upon you.
Beogh smites you!
Ouch! That really hurt!
You die...

##.##*,,,,**,.,,,,,,,,,,**,*
#.#..,*,*##*.#***.***,*,**,*
*#..⌠.8*,.##.#*##.* *,*,**,*
#.⌠..###....,,...* *,,,,,,*
**,..#_#8#.#***#.#****##****
*,*8#∩#o..#* #.# *,..,,*
*#####..⌠.# #.###.#**,*
,...#8.⌠..## #...'.#,,,####
,*#..#...#o#####@..'.#,_,#..#
,*#...###...{o.o...'.#,,,##.#
,*#....*#.##########.#**,*#.#
,*#.##.##.##......#*,..,,*#.#
,##...............#########.#
,............###..##........# ###
*##.##.###.#.##........########.#
*.##.###.#.........### ##.#...
*...............#### #.#....


You could see an orc priest and an orc.

Vanquished Creatures
  4 adders
  A dart slug (D:2)
  3 ball pythons
  9 endoplasms
  6 giant cockroaches
  5 goblins
  6 hobgoblins
  2 jackals (D:3)
  9 kobolds
  4 quokkas
  3 bats
  4 frilled lizards
  8 rats
64 creatures vanquished.

Notes
Turn   | Place    | Note
-------+----------+-------------------------------------------
     0 | D:1      | Dittersdorf the Gargoyle Fighter began the quest for the
                  | Orb.
     0 | D:1      | Reached XP level 1. HP: 14/14 MP: 1/1
   128 | D:1      | Reached XP level 2. HP: 19/19 MP: 2/2
   338 | D:1      | Reached XP level 3. HP: 20/23 MP: 3/3
  1357 | D:2      | Reached XP level 4. HP: 29/29 MP: 4/4
  2062 | D:3      | Found a faded altar of an unknown god.
  2086 | D:3      | Killed from afar by an orc priest

Illustrated notes

Levels and vault maps discovered:
D:1:      dpeg_arrival_rhombi, layout_loops_ring
D:2:      layout_basic, st_stairs_12
D:3:      layout_loops_cross, mainiacjoe_overflow_alcove_4,
          shapermc_ecumenical_altar_venn

Skill      XL: |  1  2  3  4 |
---------------+-------------+-----
Shields        | 4 |  4.2
Fighting       | 4 |  4.1
Armour         | 4 |  4.0
Maces & Flails | |  2.8

Action                     |  1- 3 |  4- 6 || total
---------------------------+-------+-------++-------
  Melee: Flail             |   102 |    55 ||   157
    Use: Scroll            |       |     2 ||     2
 Armour: Scale mail        |    69 |    34 ||   103
  Dodge: Dodged            |    64 |    29 ||    93
  Block: Buckler           |    32 |    12 ||    44

Table legend: (Time is in decaauts)
 A = Elapsed time spent in this place.
 B = Non-inter-level travel time spent in this place.
 C = Inter-level travel time spent in this place.
 D = Time resting spent in this place.
 E = Time spent auto-exploring this place.
 F = Levels seen in this place.
 G = Mean time per level.
                   A        B        C        D        E       F      G
               +--------+--------+--------+--------+--------+-----+--------+
         Total |   2133 |   2006 |    127 |     16 |   1575 |   3 |  711.0 |
       Dungeon |   2133 |   2006 |    127 |     16 |   1575 |   3 |  711.0 |
               +--------+--------+--------+--------+--------+-----+--------+

Top non-repeatable levels by time:
     D:2: 866 daAuts
     D:1: 831 daAuts
     D:3: 435 daAuts
